 Dungeon Crawl Stone Soup version 0.30-a0-365-ge7f957f1db (webtiles) character file.

Game seed: 6270234581554506019

115 Manisia the Charlatan (level 4, -2/35 HPs)
             Began as a Draconian Wanderer on Nov 17, 2022.
             Killed from afar by an orc wizard (3 damage)
             ... with a magic dart
             ... on level 3 of the Dungeon.
             The game lasted 00:05:23 (2194 turns).

Manisia the Charlatan (Draconian Wanderer)          Turns: 2194, Time: 00:05:23

Health: -2/35      AC:  5    Str: 14    XL:     4   Next: 68%
Magic:  7/7        EV: 11    Int: 16    God:
Gold:   42         SH:  0    Dex:  9    Spells: 6/7 levels left

rFire   . . .      SeeInvis .    g - +0 mace
rCold   . . .      Faith    .    (no shield)
rNeg    . . .      Spirit   .    (body armour unavailable)
rPois   .          Reflect  .    (helmet restricted)
rElec   .          Harm     .    (no cloak)
rCorr   .          Rampage  .    (no gloves)
Will    .....                    (no boots)
Stlth   +.........               (no amulet)
HPRegen 0.25/turn                (no ring)
MPRegen 0.10/turn                (no ring)

@: mighty
A: AC +5, unfitting armour, cold-blooded
a: no special abilities


You were on level 3 of the Dungeon.
You visited 1 branch of the dungeon, and saw 3 of its levels.

You collected 42 gold pieces.

Inventory:

Hand Weapons
 g - a +0 mace (weapon)
Missiles
 e - 10 poisoned darts (quivered)
Armour
 b - a +0 buckler
Wands
 d - a wand of flame (14)
Scrolls
 c - a scroll of silence
 f - a scroll of poison
Potions
 a - 2 potions of haste
 h - a potion of curing {unknown}
 k - 2 potions of degeneration {unknown}


   Skills:
 + Level 1.4 Fighting
 + Level 1.1 Maces & Flails
 + Level 1.0 Dodging
 + Level 0.1 Stealth
 - Level 3.0 Shields
 + Level 2.2 Spellcasting
 + Level 1.8 Transmutations
 + Level 2.1 Poison Magic
 - Level 4.0 Evocations


You had 6 spell levels left.
You knew the following spells:

 Your Spells              Type           Power      Damage    Failure   Level
a - Sting                 Tmut/Pois      32%        1d4       9%          1

Your spell library contained the following spells:

 Spells                   Type           Power      Damage    Failure   Level
 Ignite Poison            Fire/Tmut/Pois 6%         N/A       34%         3
 Kindle Blastsparks       Fire/Tloc/Air  2%         2d10      52%         3
 Fulminant Prism          Conj/Hex       0%         3d5       90%         4
 Iskenderun's Mystic Bla  Conj/Tloc      1%         2d3       90%         4
 Lee's Rapid Deconstruct  Erth           0%         3d4*      99%         5


Dungeon Overview and Level Annotations

Branches:
Dungeon (3/15)

Altars:

Shops:
D:2 *


Innate Abilities, Weirdness & Mutations

Your plain brown scales are hard. (AC +5)
You cannot fit into any form of body armour.
You are cold-blooded and may be slowed by cold attacks.


Message History

You miscast Sting.
You are very lightly contaminated with residual magic.
Nothing appears to happen.
The orc wizard points at you and mumbles some strange words.
You are confused.
You bump into the rock wall.
The orc wizard casts a spell at you. The puff of flame misses you.
You're too confused to move!
The orc wizard points at you and mumbles some strange words.
The magic dart hits you!
You bump into the rock wall.
The orc wizard points at you and mumbles some strange words.
The puff of flame hits you!
You feel less confused. The orc wizard casts a spell at you.
The puff of flame hits you!
* * * LOW HITPOINT WARNING * * *
Your magical contamination has completely faded away.
Items here: )) [[ †.
The orc wizard closely misses you. The orc hits you with a +0 short sword.
* * * LOW HITPOINT WARNING * * *
The orc attacks as you move away! The orc hits you with a +0 short sword.
* * * LOW HITPOINT WARNING * * *
The orc wizard gestures wildly while chanting.
The orc wizard flickers and vanishes!
Deactivating autopickup; reactivate with Ctrl-A.
Items here: )) [[ †.
You feel very mighty all of a sudden.
You barely miss something. You tail-slap something!
The orc hits you with a +0 club.
* * * LOW HITPOINT WARNING * * *
You barely miss something. Something hits you but does no damage.
The orc hits you with a +0 short sword.
* * * LOW HITPOINT WARNING * * *
The orc hits you but does no damage.
You hear some strange, mumbled words.
A magic dart appears from out of thin air!
The magic dart hits you.
You die...

#.... .... .... #####
#######..# #...# ##........#
. ######...####...#.# #.# ...
#...........(.....###.##.....
)†..............)o...........
#...............@{.#####.....
####.#...#.##...#o.#### ...
#.#...#.######.....# .
#.#...#.# ##.##.# #.......#
#.# # ..^###..# #.. #.# ##.#
#.## #.. #.# ### #.#


You could see 2 orcs.

Vanquished Creatures
  3 gnolls (D:2)
  2 adders (D:2)
  A worm (D:2)
  3 orcs (D:3)
  8 ball pythons
  9 bats
  4 endoplasms
  2 giant cockroaches
  5 goblins
  2 hobgoblins
  7 jackals
  3 kobolds
  5 quokkas
  A frilled lizard (D:1)
  3 rats
58 creatures vanquished.

Notes
Turn   | Place    | Note
-------+----------+-------------------------------------------
     0 | D:1      | Manisia the Draconian Wanderer began the quest for the Orb.
     0 | D:1      | Manisia set off with the following items: a +0 club, a +0
                  | buckler, a scroll of silence, a wand of flame (14); and the
                  | following spell memorised: Sting; and the following spells
                  | available to memorise: Ignite Poison.
     0 | D:1      | Reached XP level 1. HP: 16/16 MP: 2/2
   325 | D:1      | Reached XP level 2. HP: 20/23 MP: 0/4
   548 | D:1      | Reached skill level 1 in Transmutations
   801 | D:1      | Found a faded altar of an unknown god.
   815 | D:1      | Reached XP level 3. HP: 27/28 MP: 3/5
  1050 | D:2      | Found Axkes's General Store.
  1675 | D:2      | Reached XP level 4. HP: 35/35 MP: 3/7
  2062 | D:3      | Reached skill level 1 in Maces & Flails
  2064 | D:3      | Reached skill level 1 in Dodging
  2194 | D:3      | HP: 1/35 [orc/+0 short sword (4)]
  2194 | D:3      | Killed from afar by an orc wizard

Illustrated notes

Levels and vault maps discovered:
D:1:      nzn_arrival_settlement, layout_basic, shapermc_ecumenical_altar_ellora
D:2:      layout_basic, serial_shops, nicolae_shop_statue_plus
D:3:      cheibrodos_greedy_goblins, layout_loops_cross,
          mainiacjoe_overflow_alcove_1, nicolae_overflow_hidden_temple,
          jmf_multi_god_temple2

Skill      XL: |  1  2  3  4 |
---------------+-------------+-----
Transmutations | 1 |  1.8
Spellcasting   | 2 |  2.2
Poison Magic   | 2 |  2.1
Maces & Flails | 1 |  1.1
Dodging        | 1 |  1.0
Fighting       | |  1.4
Stealth        | |  0.1
Shields        | |  3.0
Evocations     | |  4.0

Action                   |  1- 3 |  4- 6 || total
-------------------------+-------+-------++-------
Melee: Mace              |    69 |    29 ||    98
       Club              |     4 |       ||     4
       Tailslap          |     5 |     4 ||     9
Throw: Dart              |       |     1 ||     1
 Cast: Sting             |    55 |    10 ||    65
  Use: Scroll            |     4 |     3 ||     7
       Potion            |       |     2 ||     2
Armor: Skin              |    40 |    11 ||    51
Dodge: Dodged            |    64 |    26 ||    90

Table legend: (Time is in decaauts)
 A = Elapsed time spent in this place.
 B = Non-inter-level travel time spent in this place.
 C = Inter-level travel time spent in this place.
 D = Time resting spent in this place.
 E = Time spent auto-exploring this place.
 F = Levels seen in this place.
 G = Mean time per level.
                   A        B        C        D        E       F      G
               +--------+--------+--------+--------+--------+-----+--------+
         Total |   2235 |   2197 |     38 |    184 |   1608 |   3 |  745.0 |
       Dungeon |   2235 |   2197 |     38 |    184 |   1608 |   3 |  745.0 |
               +--------+--------+--------+--------+--------+-----+--------+

Top non-repeatable levels by time:
     D:1: 1060 daAuts
     D:2: 954 daAuts
     D:3: 219 daAuts
